 Dungeon Crawl Stone Soup version 0.31-a0-746-ge8284cb111 (webtiles) character file.

Game seed: 16864900169152872116

4 CrazyBamboolord the Stinger (level 1, -5/15 HPs)
             Began as a Djinni Earth Elementalist on Sept 14, 2023.
             Frozen to death by an endoplasm (6 damage)
             ... on level 1 of the Dungeon.
             The game lasted 00:00:16 (48 turns).

CrazyBamboolord the Stinger (DjEE)                    Turns: 48, Time: 00:00:17

Health: -5/15      AC:  2    Str:  7    XL:     1   Next: 66%
Gold:   19         EV: 12    Int: 16    God:
                   SH:  0    Dex: 13

rFire   + + .        (no weapon)
rCold   x . .        (no shield)
rNeg    . . .        a - +0 robe
rPois   ∞            (no helmet)
rElec   .            (no cloak)
rCorr   .            (no gloves)
SInv    .            (boots unavailable)
Will    .....        (no amulet)
Stlth   ++           (no ring)
HPRegen 0.22/turn    (no ring)
MPRegen 0.00/turn

%: infuse magic (-6 HP)
@: flying
A: sickness immunity, fire resistance 2, cold vulnerability 1, float, innate
caster, HP casting, extra vitality 1
a: no special abilities


You were on level 1 of the Dungeon.
You visited 1 branch of the dungeon, and saw 1 of its levels.

You collected 19 gold pieces.

Inventory:

Armour
 a - a +0 robe (worn)
Scrolls
 b - a scroll of identify {unknown}


   Skills:
 * Level 0.2 Fighting
 + Level 2.2 Dodging
 - Level 1.5 Stealth
 * Level 3.0 Spellcasting
 * Level 3.0 Conjurations
 * Level 3.0 Hexes
   Level 0.0 Charms
 * Level 3.0 Summonings
 * Level 3.0 Necromancy
 * Level 3.0 Translocations
 * Level 3.0 Transmutations
 * Level 3.0 Fire Magic
 * Level 3.0 Ice Magic
 * Level 3.0 Air Magic
 * Level 3.0 Earth Magic
 * Level 3.0 Poison Magic


You knew the following spells:

 Your Spells              Type           Power      Damage    Failure   Level
a - Sandblast             Erth           24%        2d8       5%          1
b - Passwall              Tmut/Erth      10%        N/A       9%          2
c - Stone Arrow           Conj/Erth      24%        3d8       16%         3
d - Petrify               Tmut/Erth      12%        N/A       47%         4
Your spell library was empty.

Dungeon Overview and Level Annotations

Branches:
Dungeon (1/15)

Altars:


Innate Abilities, Weirdness & Mutations

You are immune to sickness and miasma.
You are immune to poison.
Your flesh is very heat resistant. (rF++)
You are vulnerable to cold. (rC-)
You float through the air rather than walking.
You learn spells naturally, not from books.
Your magical power is your life essence.
You have superior vitality. (+4 MHP)


Message History

A rat comes into view.
Found a club and a scroll labelled RAELAE ATRU.
The blast of sand hits the dart slug.
The dart slug is heavily wounded.
The blast of sand hits the dart slug!
You kill the dart slug!
You can't see any susceptible monsters within range! (Use Z to cast anyway.)
A jackal comes into view.
An endoplasm and a jackal come into view.
The blast of sand hits the jackal.
The jackal is almost dead.
The endoplasm quivers.
The blast of sand hits the jackal.
You kill the jackal!
The jackal bites you. The jackal closely misses you.
The blast of sand misses the jackal.
The jackal bites you. x2
* * * LOW HITPOINT WARNING * * *
You are too injured to fight recklessly!
You are too injured to fight recklessly!
Unknown command.
The rat attacks as it pursues you! The rat closely misses you.
Aiming: Sandblast (safe; 5% risk of failure)
Press: ? - help, Q - select action, (/) - cycle Shift-Dir - straight line, f/p - jackal
Aim: a jackal (77% to hit)
The blast of sand hits the jackal.
The jackal is severely wounded.
* * * LOW HITPOINT WARNING * * *
The jackal bites you but does no damage.
The jackal closely misses you. The rat bites you.
* * * LOW HITPOINT WARNING * * *
The jackal misses you.
Aiming: Sandblast (safe; 5% risk of failure)
Press: ? - help, Q - select action, (/) - cycle Shift-Dir - straight line, f/p - jackal
Aim: a jackal (severely wounded, 77% to hit)
The blast of sand misses the jackal.
* * * LOW HITPOINT WARNING * * *
The rat closely misses you. The endoplasm freezes you.
You are frozen.
You feel a terrible chill!
You die...

####.#....##
............
#............
..###....?........
..................
....#............
#..[..........#
#.....rhJ.....######..
##.#...@......#.......
#...$......#...#..#.
#............#..#..#.
................#..#..#
#.................#..#..
#...............#..#..#.
..)..:..................
..########.......###....
##........+ .


You could see an endoplasm, a jackal and a rat.

Vanquished Creatures
  A dart slug (D:1)
  A jackal (D:1)
2 creatures vanquished.

Notes
Turn   | Place    | Note
-------+----------+-------------------------------------------
     0 | D:1      | CrazyBamboolord the Djinni Earth Elementalist began the
                  | quest for the Orb.
     0 | D:1      | CrazyBamboolord set off with the following spells
                  | memorised: Sandblast, Passwall, Stone Arrow, Petrify.
     0 | D:1      | Reached XP level 1. HP: 15/15 MP: 0/0
    48 | D:1      | Frozen to death by an endoplasm

Illustrated notes

Levels and vault maps discovered:
D:1:      dpeg_arrival_stone_temple_mockup, layout_basic,
          minmay_misc_feat_diagonals

Skill      XL: | |
---------------+-+-----
Spellcasting   | |  3.0
Conjurations   | |  3.0
Hexes          | |  3.0
Summonings     | |  3.0
Necromancy     | |  3.0
Translocations | |  3.0
Transmutations | |  3.0
Fire Magic     | |  3.0
Ice Magic      | |  3.0
Air Magic      | |  3.0
Earth Magic    | |  3.0
Poison Magic   | |  3.0
Fighting       | |  0.2
Dodging        | |  2.2
Stealth        | |  1.5

Action                     || total
---------------------------++-------
   Cast: Sandblast         ||     7
 Armour: Robe              ||     5
  Dodge: Dodged            ||     5

Table legend: (Time is in decaauts)
 A = Elapsed time spent in this place.
 B = Non-inter-level travel time spent in this place.
 C = Inter-level travel time spent in this place.
 D = Time resting spent in this place.
 E = Time spent auto-exploring this place.
 F = Levels seen in this place.
 G = Mean time per level.
                   A        B        C        D        E       F      G
               +--------+--------+--------+--------+--------+-----+--------+
         Total |     51 |     51 |      0 |      0 |     33 |   1 |   51.0 |
       Dungeon |     51 |     51 |      0 |      0 |     33 |   1 |   51.0 |
               +--------+--------+--------+--------+--------+-----+--------+

Top non-repeatable levels by time:
     D:1: 51 daAuts
